 Dungeon Crawl Stone Soup version 0.27-a0-1123-g2f9bb313c0 (webtiles) character file.

Game seed: 8373830099743954379

315 Zeld the Shield-Bearer (level 6, -2/44 HPs)
             Began as an Octopode Fighter on May 3, 2021.
             Killed by nerve-wracking pain
             ... invoked by Grinder
              (14 damage)
             ... while paralysed by Grinder
             ... on level 3 of the Dungeon.
             The game lasted 00:03:19 (3394 turns).

Zeld the Shield-Bearer (Octopode Fighter)           Turns: 3394, Time: 00:03:20

Health: -2/44      AC:  3    Str: 29    XL:     6   Next: 44%
Magic:  6/6        EV:  2    Int: 10    God:
Gold:   109        SH:  0    Dex: 12    Spells: 5/5 levels left

rFire    + . .     SeeInvis .   a - +0 war axe
rCold    . . .     Faith    .   b - +0 kite shield
rNeg     . . .     Spirit   .   (helmet restricted)
rPois    .         Reflect  .   (no amulet)
rElec    .         Harm     .   d - +6 ring of strength
rCorr    .         Rampage  .   k - +6 ring of strength
Will     .....                  (no ring)
Stlth    ++........             (no ring)
HPRegen  0.00/turn              (no ring)
MPRegen  0.10/turn              (no ring)
                                (no ring)
                                (no ring)

@: paralysed, unable to read
A: almost no armour, amphibious, 8 rings, camouflage 1, gelatinous body 1,
(nimble swimmer 1), tentacles, iridescent scales 1, fire resistance 1, inhibited
regeneration, inability to read while threatened
a: no special abilities


You were on level 3 of the Dungeon.
You visited 1 branch of the dungeon, and saw 3 of its levels.

You collected 109 gold pieces.

Inventory:

Hand Weapons
 a - a +0 war axe (weapon)
Armour
 b - a +0 kite shield (worn)
Jewellery
 d - a +6 ring of strength (left tentacle)
 k - a +6 ring of strength (right tentacle)
Scrolls
 g - a scroll of teleportation {unknown}
 i - 3 scrolls of magic mapping {unknown}
 j - 3 scrolls of fog {unknown}
 l - a scroll of holy word {unknown}
 n - 2 scrolls of identify {unknown}
 o - a scroll of enchant weapon {unknown}
Potions
 e - a potion of curing {unknown}
 f - a potion of lignification {unknown}
 h - a potion of flight
 m - a potion of degeneration {unknown}
 p - a potion of attraction {unknown}


   Skills:
 * Level 4.7 Fighting
 * Level 4.0 Axes
 - Level 3.0 Dodging
 * Level 4.7 Shields


You had 5 spell levels left.
You didn't know any spells.
Your spell library contained the following spells:

 Spells                   Type           Power      Damage    Failure   Level
 Gell's Gravitas          Tloc           0%         N/A       99%         3
 Portal Projectile        Hex/Tloc       0%         N/A       99%         3
 Passage of Golubria      Tloc           N/A        N/A       100%        4
 Manifold Assault         Tloc           0%         N/A       100%        5
 Dispersal                Tloc           0%         N/A       100%        6
 Disjunction              Tloc           0%         N/A       100%        8


Dungeon Overview and Level Annotations

Branches:
Dungeon (3/15)

Altars:
Uskayaw

Annotations:
D:3 Grinder


Innate Abilities, Weirdness & Mutations

You cannot wear most types of armour.
You are amphibious.
You can wear up to eight rings at the same time.
Your skin changes colour to match your surroundings (Stealth+).
Your rubbery body absorbs attacks. (AC +1, EV +1)
((You are camouflaged near water. (Stealth+)))
You have tentacles for arms and can constrict up to eight enemies at once.
You are partially covered in iridescent scales. (AC +2)
Your flesh is heat resistant. (rF+)
You do not regenerate when monsters are visible.
You sometimes lose the ability to read scrolls when taking damage.


Message History

You grab the goblin. You squeeze the goblin.
The goblin is moderately wounded.
You constrict the goblin.
You kill the goblin!
No target in view!
Things that are here:
a +0 dagger; a goblin corpse No target in view!
The ball python hisses angrily.
You hear a shout!
Found a spear.
The ball python bites you but does no damage.
The ball python grabs you. The ball python constricts you.
You slash the ball python!
You kill the ball python!
Grinder gestures at you. Pain shoots through your body!
Okay, then.
You closely miss Grinder. Your grab misses Grinder. You squeeze Grinder!
Grinder is moderately wounded.
Grinder hits you!
You writhe in agony.
You feel threatened and lose the ability to read scrolls!
Grinder hits you!
You are too injured to fight recklessly!
You are too injured to fight recklessly!
You are too injured to fight recklessly!
You slash Grinder! Your grab misses Grinder.
Grinder is heavily wounded.
Grinder hits you.
You slash Grinder! You grab Grinder.
Grinder is severely wounded.
You constrict Grinder. Grinder gestures at you.
You suddenly lose the ability to move!
You lose your grip on Grinder.
Grinder hits you.
You writhe in agony.
* * * LOW HITPOINT WARNING * * *
Grinder hits you.
* * * LOW HITPOINT WARNING * * *
Grinder gestures at you. Pain shoots through your body!
You die...

#..##..##.# #..#
.....# #..# #.#..#
####..# #.#..###.##
#.....###..........
###.#.....).#
#.#.#####.#
#.#.#####.#######
#.#...5@.........)
##.#.########.####
###.# # #.# .. #5#
.. .# #. .# #. .#
#. #.


You could see Grinder.

Vanquished Creatures
  Sigmund (D:3)
  Jessica (D:2)
  2 adders (D:2)
  3 gnolls
  2 worms (D:2)
  5 dart slugs
  2 orcs
  7 ball pythons
  3 endoplasms (D:1)
  2 giant cockroaches (D:2)
  7 goblins
  2 hobgoblins (D:2)
  4 jackals (D:2)
  2 kobolds (D:1)
  A quokka (D:2)
  2 bats
  4 frilled lizards
  25 rats
75 creatures vanquished.

Notes
Turn   | Place    | Note
-------+----------+-------------------------------------------
     0 | D:1      | Zeld the Octopode Fighter began the quest for the Orb.
     0 | D:1      | Reached XP level 1. HP: 16/16 MP: 1/1
    43 | D:1      | Reached XP level 2. HP: 21/21 MP: 2/2
   761 | D:1      | Reached XP level 3. HP: 26/26 MP: 3/3
  1306 | D:2      | Gained mutation: Your flesh is heat resistant. (rF+)
                  | [potion of mutation]
  1306 | D:2      | Gained mutation: You sometimes lose the ability to read
                  | scrolls when taking damage. [potion of mutation]
  1306 | D:2      | Gained mutation: You do not regenerate when monsters are
                  | visible. [potion of mutation]
  1306 | D:2      | Gained mutation: You are partially covered in iridescent
                  | scales. (AC +2) [potion of mutation]
  1306 | D:2      | HP: 1/26 [poisoned by an adder]
  1464 | D:2      | Reached XP level 4. HP: 28/32 MP: 4/4
  1572 | D:2      | Noticed Jessica
  1576 | D:2      | Killed Jessica
  1854 | D:2      | Reached XP level 5. HP: 15/37 MP: 5/5
  2706 | D:3      | Noticed a +0 falchion
  2707 | D:3      | Noticed a +0 dagger
  2707 | D:3      | Noticed a +0 falchion
  2707 | D:3      | Noticed a +0 short sword
  2707 | D:3      | Noticed a +0 dagger
  2709 | D:3      | Noticed a +0 spear
  2710 | D:3      | Noticed a +0 short sword
  2711 | D:3      | Noticed a +0 spear
  2738 | D:3      | Found a hide-covered altar of Uskayaw.
  2741 | D:3      | Noticed Sigmund
  2752 | D:3      | Killed Sigmund
  2753 | D:3      | Reached XP level 6. HP: 16/44 MP: 6/6
  3104 | D:3      | Noticed Grinder
  3392 | D:3      | Paralysed by Grinder for 3 turns
  3394 | D:3      | Killed from afar by Grinder

Illustrated notes

Levels and vault maps discovered:
D:1:      amcnicky_arrival_gap_in_the_tavern_cellar, layout_basic, st_stairs_10,
          chequers_arboretum
D:2:      kb_forest_paths, layout_loops_ring, minmay_rat_hole, uniq_jessica
D:3:      layout_loops_ring, nicolae_uskayaw_en_pointe,
          nicolae_overflow_hidden_temple, uniq_grinder, uniq_sigmund

Skill      XL: |  1  2  3  4  5  6 |
---------------+-------------------+-----
Axes           | 3 4 |  4.0
Shields        | 4 |  4.7
Fighting       | 4 |  4.7
Dodging        | |  3.0

Action                   |  1- 3 |  4- 6 || total
-------------------------+-------+-------++-------
Melee: War axe           |    51 |    53 ||   104
       Constrict         |    10 |    20 ||    30
       Tentacles         |     6 |    14 ||    20
  Use: Potion            |     3 |     1 ||     4
 Stab: Sleeping          |     4 |     5 ||     9
Armor: Skin              |     4 |    13 ||    17
Dodge: Dodged            |    19 |    16 ||    35
Block: Kite shield       |    27 |    35 ||    62

Table legend: (Time is in decaauts)
 A = Elapsed time spent in this place.
 B = Non-inter-level travel time spent in this place.
 C = Inter-level travel time spent in this place.
 D = Time resting spent in this place.
 E = Time spent auto-exploring this place.
 F = Levels seen in this place.
 G = Mean time per level.
                   A        B        C        D        E       F      G
               +--------+--------+--------+--------+--------+-----+--------+
         Total |   3453 |   3375 |     78 |    637 |   2229 |   3 | 1151.0 |
       Dungeon |   3453 |   3375 |     78 |    637 |   2229 |   3 | 1151.0 |
               +--------+--------+--------+--------+--------+-----+--------+

Top non-repeatable levels by time:
     D:2: 1450 daAuts
     D:1: 1251 daAuts
     D:3: 752 daAuts
